 Dungeon Crawl Stone Soup version 0.30-a0-390-g80c34de65d (webtiles) character file.

Game seed: 14601107644893681360

2 bande the Covered (level 1, -3/14 HPs)
             Began as a Gargoyle Fighter on Dec 5, 2022.
             Killed from afar by a dart slug (5 damage)
             ... with a slug dart
             ... on level 1 of the Dungeon.
             The game lasted 00:00:25 (115 turns).

bande the Covered (Gargoyle Fighter)                 Turns: 115, Time: 00:00:25

Health: -3/14      AC:  9    Str: 19    XL:     1   Next: 40%
Magic:  1/1        EV:  9    Int:  8    God:
Gold:   3          SH:  4    Dex:  9    Spells: 0/0 levels left

rFire   . . .      SeeInvis .    a - +0 war axe
rCold   . . .      Faith    .    c - +0 buckler
rNeg    + . .      Spirit   .    b - +0 scale mail
rPois   ∞          Reflect  .    (no helmet)
rElec   +          Harm     .    (no cloak)
rCorr   .          Rampage  .    (no gloves)
Will    .....                    (no boots)
Stlth   ..........               (no amulet)
HPRegen 0.22/turn                (no ring)
MPRegen 0.07/turn                (no ring)

@: no status effects
A: sickness immunity, AC +2, negative energy resistance 1, electricity
resistance, torment resistance 1, petrification resistance
a: no special abilities


You were on level 1 of the Dungeon.
You visited 1 branch of the dungeon, and saw 1 of its levels.

You collected 3 gold pieces.

Inventory:

Hand Weapons
 a - a +0 war axe (weapon)
Armour
 b - a +0 scale mail (worn)
 c - a +0 buckler (worn)
Potions
 d - a potion of might
 e - 2 potions of brilliance {unknown}
 f - a potion of haste {unknown}


   Skills:
 + Level 3.3 Fighting
 + Level 1.7 Axes
 + Level 3.4 Armour
 + Level 3.3 Shields


You couldn't memorise any spells.
You didn't know any spells.
Your spell library was empty.

Dungeon Overview and Level Annotations

Branches:
Dungeon (1/15)

Altars:


Innate Abilities, Weirdness & Mutations

You are immune to sickness and miasma.
Your stone body is resilient. (AC +2)
You are immune to poison.
You resist negative energy. (rN+)
You are resistant to electric shocks. (rElec)
You are resistant to unholy torment.
You are immune to petrification.


Message History

The slug dart misses you.
You closely miss the quokka.
The quokka bites you but does no damage. x2
You hit the kobold but do no damage. You barely miss the quokka.
The kobold hits you but does no damage. The quokka closely misses you.
The kobold completely misses you.
You barely miss the kobold. You closely miss the quokka.
The quokka bites you but does no damage. x2
The kobold hits you with a +4 whip!
Ouch! That really hurt!
* * * LOW HITPOINT WARNING * * *
You are too injured to fight recklessly!
You are too injured to fight recklessly!
You are too injured to fight recklessly!
You are too injured to fight recklessly!
You are too injured to fight recklessly!
You are too injured to fight recklessly!
You are too injured to fight recklessly!
You are too injured to fight recklessly!
Unknown command.
You slash the kobold!
You kill the kobold!
You hit the dart slug but do no damage. You hit the quokka.
The quokka closely misses you. x2
The dart slug launches a dart at you. The slug dart misses you.
Unknown command.
You hit the quokka but do no damage.
The quokka is severely wounded.
You hit the dart slug. The quokka bites you.
* * * LOW HITPOINT WARNING * * *
The dart slug closely misses you.
The quokka bites you but does no damage.
Unknown command.
You closely miss the quokka.
The quokka is severely wounded.
You hit the dart slug. The quokka closely misses you.
The dart slug launches a dart at you. The slug dart hits you.
You die...

...............
##......#######
#......#
###########......#
?................#
..........^......#
.................#
......w..$.......#
.###.)@###......#
#..r# #......#
#.[.# #.[....#
#...# ####.###
#### #...# #.#
#... #...# ...
#... #...# ....
.#... #...# .....
#...


You could see a dart slug and a quokka.

Vanquished Creatures
  A bat (D:1)
  A goblin (D:1)
  A kobold (D:1)
3 creatures vanquished.

Notes
Turn   | Place    | Note
-------+----------+-------------------------------------------
     0 | D:1      | bande the Gargoyle Fighter began the quest for the Orb.
     0 | D:1      | Reached XP level 1. HP: 14/14 MP: 1/1
   115 | D:1      | Killed from afar by a dart slug

Illustrated notes

Levels and vault maps discovered:
D:1:      ncdulo_watergridlock, layout_basic

Action                   || total
-------------------------++-------
Melee: War axe           ||    20
Armor: Scale mail        ||    21
Dodge: Dodged            ||    23
Block: Buckler           ||     7

Table legend: (Time is in decaauts)
 A = Elapsed time spent in this place.
 B = Non-inter-level travel time spent in this place.
 C = Inter-level travel time spent in this place.
 D = Time resting spent in this place.
 E = Time spent auto-exploring this place.
 F = Levels seen in this place.
 G = Mean time per level.
                   A        B        C        D        E       F      G
               +--------+--------+--------+--------+--------+-----+--------+
         Total |    124 |    124 |      0 |      0 |     87 |   1 |  124.0 |
       Dungeon |    124 |    124 |      0 |      0 |     87 |   1 |  124.0 |
               +--------+--------+--------+--------+--------+-----+--------+

Top non-repeatable levels by time:
     D:1: 124 daAuts
